 Dungeon Crawl Stone Soup version 0.30-a0-1-g69b7b797bf (webtiles) character file.

Game seed: 917037225874126692

12588 Plasmagod the Severer (level 11, -1/112 HPs)
             Began as a Hill Orc Fighter on Aug 19, 2022.
             Was an Elder of Dithmenos.
             Slain by Jorgrun
             ... wielding a +0 vorpal quarterstaff
              (5 damage)
             ... while petrified by Jorgrun
             ... on level 1 of the Orcish Mines.
             The game lasted 00:26:50 (11923 turns).

Plasmagod the Severer (Hill Orc Fighter)           Turns: 11923, Time: 00:26:50

Health: -1/112     AC: 16    Str: 24    XL:     11   Next: 95%
Magic:  11/11      EV: -1    Int:  8    God:    Dithmenos [****..]
Gold:   646        SH:  0    Dex: 15    Spells: 10/10 levels left

rFire   . . .      SeeInvis .    a - +1 war axe (spect)
rCold   . . .      Faith    .    c - +0 buckler
rNeg    + + +      Spirit   .    E - quicksilver dragon scales of Yrreitu {Rampage Will+ rCorr Dex+5}
rPois   ∞          Reflect  .    J - +1 helmet
rElec   .          Harm     .    t - +0 cloak
rCorr   +          Rampage  +    (no gloves)
Will    +....                    x - +2 pair of boots {Stlth+}
Stlth   ++........               (no amulet)
HPRegen 0.28/turn                g - ring of poison resistance
MPRegen 0.12/turn                H - +4 ring of evasion

@: petrified, grasped by roots, wreathed by umbra, constricted
A: no striking features
a: Renounce Religion, Shadow Step


You were on level 1 of the Orcish Mines.
You worshipped Dithmenos.
Dithmenos was greatly pleased with you.
You visited 3 branches of the dungeon, and saw 12 of its levels.
You also visited: Bailey.

You collected 646 gold pieces.

Inventory:

Hand Weapons
 a - a +1 spectral war axe (weapon)
Armour
 c - a +0 buckler (worn)
 t - a +0 cloak (worn)
 x - a +2 pair of boots of stealth (worn)
 E - the quicksilver dragon scales of Yrreitu (worn) {Rampage Will+ rCorr Dex+5}
   (You found it in a bailey)

   Dex:       It affects your dexterity (+5).
   rCorr:     It protects you from acid and corrosion.
   Rampage:   It bestows one free step when moving towards enemies.
   Will:      It increases your willpower.
 J - a +1 helmet (worn)
 L - the +3 pair of boots of the Zebra {rCorr Str+4 Dex-5}
   (You found it in a bailey)

   Str:       It affects your strength (+4).
   Dex:       It affects your dexterity (-5).
   rCorr:     It protects you from acid and corrosion.
Jewellery
 g - a ring of poison resistance (left hand)
 p - a ring of see invisible
 v - a ring of protection from fire
 A - a +6 ring of dexterity
 H - a +4 ring of evasion (right hand)
 K - a ring of protection from cold
 Q - a ring of protection from fire
Wands
 b - a wand of acid (3)
 w - a wand of flame (89)
 y - a wand of polymorph (16)
 O - a wand of iceblast (4)
Scrolls
 f - 2 scrolls of immolation
 h - 4 scrolls of magic mapping
 i - a scroll of enchant armour
 j - 7 scrolls of teleportation
 l - a scroll of amnesia
 C - a scroll of blinking
 F - 2 scrolls of vulnerability
 G - a scroll of poison {unknown}
 M - 5 scrolls of identify
 N - a scroll of fear
 R - 3 scrolls of brand weapon
Potions
 d - 2 potions of might
 e - a potion of attraction {unknown}
 k - a potion of mutation {unknown}
 m - a potion of berserk rage {unknown}
 n - a potion of magic {unknown}
 o - 3 potions of lignification {unknown}
 q - 3 potions of heal wounds
 r - a potion of haste {unknown}
 s - 2 potions of flight {unknown}
 u - 4 potions of brilliance
 z - 2 potions of invisibility {unknown}
 B - a potion of resistance
 D - 2 potions of degeneration {unknown}
 I - 4 potions of curing {unknown}
 P - a potion of cancellation {unknown}


   Skills:
 + Level 15.1 Fighting
 - Level 18.0 Axes
 - Level 3.2 Armour
 - Level 3.2 Shields


You had 10 spell levels left.
You didn't know any spells.
Your spell library contained the following spells:

 Spells                   Type           Power      Damage    Failure   Level
 Foxfire                  Conj/Fire      0%         2x1d4     65%         1
 Magic Dart               Conj           0%         1d3       65%         1
 Sandblast                Erth           0%         2d4       65%         1
 Passwall                 Tmut/Erth      0%         N/A       80%         2
 Poisonous Vapours        Pois/Air       0%         N/A       80%         2
 Searing Ray              Conj           0%         2d4       80%         2
 Conjure Flame            Conj/Fire      0%         6-21      95%         3
 Ignite Poison            Fire/Tmut/Pois 0%         N/A       95%         3
 Inner Flame              Hex/Fire       0%         N/A       95%         3
 Ozocubu's Armour         Ice            0%         N/A       95%         3
 Stone Arrow              Conj/Erth      0%         3d7       95%         3
 Corpse Rot               Necr/Pois/Air  0%         N/A       100%        4
 Flame Wave               Conj/Fire      0%         2d4       100%        4
 Fulminant Prism          Conj/Hex       0%         3d6       100%        4
 Leda's Liquefaction      Hex/Erth       0%         N/A       100%        4
 Sticky Flame             Conj/Fire      0%         2d3       100%        4
 Summon Forest            Summ/Tloc      0%         N/A       100%        5
 Eringya's Noxious Bog    Tmut/Pois      0%         N/A       100%        6
 Ozocubu's Refrigeration  Ice            0%         4d7       100%        7
 Summon Hydra             Summ           0%         N/A       100%        7
 Death's Door             Necr           0%         N/A       100%        9


Dungeon Overview and Level Annotations

Branches:
Dungeon (10/15)            Temple (1/1) D:5            Lair (0/5) D:8
    Orc (1/2) D:10         Bailey (visited)

Altars:
Ashenzari
Cheibriados
Dithmenos
Elyvilon
Fedhas
Gozag
Hepliaklqana
Kikubaaqudgha
Makhleb
Nemelex Xobeh
Okawaru
Qazlal
Sif Muna
Vehumet
Wu Jian
Yredelemnul
Zin
The Shining One

Shops:
D:1 (

Annotations:
D:7 2 runed translucent doors, Heedrag's ghost, novice MiFi
D:10 exclusion: door
Orc:1 Jorgrun


Message History

Jorgrun gestures at you while chanting.
Roots burst forth from the earth!
The grasping roots grab you! The grasping roots constrict you!
You slice Jorgrun!!
Jorgrun is moderately wounded.
Your +1 spectral war axe hits Jorgrun.
You hit Jorgrun.
Jorgrun is heavily wounded.
Your +1 spectral war axe hits Jorgrun!
Jorgrun gestures at you while chanting.
You are slowing down.
The grasping roots constrict you.
You feel much better.
Jorgrun hits you with a +0 vorpal quarterstaff!
The grasping roots constrict you. Jorgrun gestures at you while chanting.
You resist with some effort. The grasping roots constrict you!
Your limbs are stiffening.
You barely miss Jorgrun.
Jorgrun is heavily wounded.
Your +1 spectral war axe closely misses Jorgrun.
Jorgrun hits you with a +0 vorpal quarterstaff.
The grasping roots constrict you!
* * * LOW HITPOINT WARNING * * *
You have turned to stone.
Jorgrun hits you with a +0 vorpal quarterstaff!
* * * LOW HITPOINT WARNING * * *
x2 The grasping roots constrict you.
Jorgrun gestures at you while chanting. The iron shot hits you!
* * * LOW HITPOINT WARNING * * *
The grasping roots constrict you.
* * * LOW HITPOINT WARNING * * *
Jorgrun hits you with a +0 vorpal quarterstaff!
* * * LOW HITPOINT WARNING * * *
x2 The grasping roots constrict you.
* * * LOW HITPOINT WARNING * * *
Jorgrun hits you with a +0 vorpal quarterstaff!
You die...

......#.# #......#
...###....#####
#......<$##...##
.$.......#.)...#
##......#.§)§§####
....#.>.#))§.§...#
... #.....§§.§.$.#
.. ##...§.@###...#
. #...§.g# ...
#...§.§# ..
#....§§..
...##.... ...
##.... .# .....
......


You could see Jorgrun.

Vanquished Creatures
  3 two-headed ogres
  Sonja (D:10)
  Pikel (D:7)
  Joseph (D:7)
  Maurice (D:9)
  A gargoyle (Bailey)
  Maggie (D:10)
  An unseen horror (D:10)
  A shadow (D:10)
  4 wyverns (D:8)
  17 yaks
  2 vampires
  4 water moccasins
  3 orc warriors
  3 ice beasts
  2 black bears
  2 centaurs (D:9)
  4 ogres
  A lemure (D:7)
  3 kobold brigands (D:8)
  2 bullfrogs
  2 necrophages
  3 scorpions
  4 wights (D:9)
  21 killer bees
  6 vampire bats (Bailey)
  5 wolf zombies (Bailey)
  2 jellies
  2 howler monkeys
  6 orc priests
  2 hounds
  A gnoll bouda (D:4)
  9 orc wizards
  6 iguanas
  8 adders
  3 gnolls (D:4)
  A white imp (D:8)
  3 ufetubi
  2 worms (D:2)
  A dart slug (D:1)
  30 orcs
  6 ball pythons
  3 endoplasms
  4 giant cockroaches
  2 hobgoblins
  9 jackals
  5 quokkas
  5 bats
  5 frilled lizards
  7 goblins
  19 kobolds
  18 orc zombies (Bailey)
  3 rats
261 creatures vanquished.

Vanquished Creatures (others)
  3 bushes (D:8)
  5 fungi (D:8)
  30 plants
38 creatures vanquished.

Grand Total: 299 creatures vanquished

Notes
Turn   | Place    | Note
-------+----------+-------------------------------------------
     0 | D:1      | Plasmagod the Hill Orc Fighter began the quest for the Orb.
     0 | D:1      | Reached XP level 1. HP: 19/19 MP: 1/1
   214 | D:1      | Reached skill level 3 in Axes
   226 | D:1      | Reached XP level 2. HP: 21/26 MP: 2/2
   417 | D:1      | Found Osuraff's Weapon Boutique.
   494 | D:1      | Reached skill level 4 in Axes
   627 | D:1      | Reached XP level 3. HP: 28/31 MP: 3/3
   962 | D:2      | Found a sparkling altar of Nemelex Xobeh.
  1219 | D:2      | Reached skill level 5 in Axes
  1501 | D:2      | Found a faded altar of an unknown god.
  1765 | D:2      | Reached XP level 4. HP: 39/39 MP: 4/4
  2585 | D:3      | Reached skill level 6 in Axes
  2700 | D:3      | Reached XP level 5. HP: 31/45 MP: 5/5
  2701 | D:3      | Reached skill level 7 in Axes
  3202 | D:4      | Reached skill level 8 in Axes
  3202 | D:4      | Reached XP level 6. HP: 51/51 MP: 6/6
  3717 | D:4      | Found an opulent altar of Gozag.
  3947 | D:5      | Entered Level 5 of the Dungeon
  3947 | D:5      | Found a staircase to the Ecumenical Temple.
  3955 | Temple   | Entered the Ecumenical Temple
  3960 | Temple   | Became a worshipper of Dithmenos the Shadowed
  3981 | D:5      | Noticed a water moccasin
  3988 | D:5      | Killed a water moccasin
  3989 | D:5      | Reached skill level 9 in Axes
  3990 | D:5      | Reached XP level 7. HP: 31/57 MP: 7/7
  4137 | D:5      | Reached skill level 10 in Axes
  4408 | D:5      | Found a snail-covered altar of Cheibriados.
  4681 | D:5      | Reached skill level 11 in Axes
  4939 | D:5      | Reached XP level 8. HP: 29/64 MP: 8/8
  4958 | D:5      | Reached skill level 12 in Axes
  5326 | D:5      | Found a glowing silver altar of Zin.
  5344 | D:5      | Found a white marble altar of Elyvilon.
  5906 | D:6      | Reached * piety under Dithmenos
  5907 | D:6      | Reached skill level 13 in Axes
  6257 | D:6      | Found a sparkling altar of Nemelex Xobeh.
  6263 | D:6      | Reached skill level 14 in Axes
  6440 | D:6      | Found a glowing golden altar of the Shining One.
  6670 | D:7      | Reached XP level 9. HP: 64/70 MP: 9/9
  6869 | D:7      | Reached skill level 15 in Axes
  6978 | D:7      | Noticed Joseph
  6985 | D:7      | Killed Joseph
  7063 | D:7      | Noticed Pikel
  7091 | D:7      | Killed Pikel
  7092 | D:7      | Reached skill level 16 in Axes
  7199 | D:7      | Found a flagged portal.
  7207 | Bailey   | Entered a bailey
  7345 | Bailey   | Reached skill level 17 in Axes
  7367 | Bailey   | Reached ** piety under Dithmenos
  7372 | Bailey   | Reached XP level 10. HP: 77/77 MP: 10/10
  7511 | Bailey   | Noticed a gargoyle
  7519 | Bailey   | Killed a gargoyle
  7520 | Bailey   | Reached skill level 18 in Axes
  7587 | Bailey   | Got the Grimoire of Mortification and Spellbinding
  7607 | Bailey   | Identified the quicksilver dragon scales of Yrreitu
                  | {Rampage Will+ rCorr Dex+5}
  7652 | Bailey   | Identified the +3 pair of boots of the Zebra {rCorr Str+4
                  | Dex-5}
  7688 | Bailey   | Identified the +0 leather armour of the Planets {-Cast
                  | Contam Str+4 Dex+4}
  7864 | D:7      | Found a large runed translucent door.
  7864 | D:7      | Found a large runed translucent door.
  7873 | D:7      | Identified the +5 short sword of a Million Tusks {vorpal,
                  | Int+3}
  7984 | D:7      | Noticed Heedrag's ghost (novice MiFi)
  8025 | D:8      | Found a stormy altar of Qazlal.
  8038 | D:8      | Reached skill level 5 in Fighting
  8233 | D:8      | Noticed a two-headed ogre
  8615 | D:8      | Found a staircase to the Lair.
  8626 | D:8      | Reached *** piety under Dithmenos
  8627 | D:8      | Reached skill level 10 in Fighting
  8695 | D:8      | Reached XP level 11. HP: 93/101 MP: 11/11
  9198 | D:8      | Killed a two-headed ogre
  9393 | D:8      | Found an ancient bone altar of Kikubaaqudgha.
  9398 | D:8      | Found a shimmering blue altar of Sif Muna.
  9400 | D:8      | Found a radiant altar of Vehumet.
  9934 | D:9      | Noticed Maurice
  9945 | D:9      | Killed Maurice
 10628 | D:10     | Entered Level 10 of the Dungeon
 10742 | D:10     | Noticed Sonja
 10755 | D:10     | Killed Sonja
 10984 | D:10     | Noticed a purple ugly thing
 10985 | D:10     | Noticed a white ugly thing
 11065 | D:10     | Noticed a manticore
 11065 | D:10     | Noticed a centaur warrior
 11082 | D:10     | Noticed a two-headed ogre
 11086 | D:10     | Killed a two-headed ogre
 11168 | D:10     | Noticed a two-headed ogre
 11176 | D:10     | Killed a two-headed ogre
 11345 | D:10     | Found a staircase to the Orcish Mines.
 11371 | D:10     | Found an ornate altar of the Wu Jian Council.
 11381 | D:10     | Reached **** piety under Dithmenos
 11527 | D:10     | Noticed Maggie
 11537 | D:10     | Killed Maggie
 11538 | D:10     | Reached skill level 15 in Fighting
 11785 | D:10     | Found a blossoming altar of Fedhas.
 11904 | Orc:1    | Entered Level 1 of the Orcish Mines
 11907 | Orc:1    | Noticed Jorgrun
 11922 | Orc:1    | HP: 5/112 [Jorgrun/+0 vorpal quarterstaff (1)]
 11923 | Orc:1    | Slain by Jorgrun

Illustrated notes

Levels and vault maps discovered:
D:1:      saegor_arrival_fortress, layout_basic, serial_shops,
          nicolae_shop_crystal, serial_bayou, serial_bayou_shore_a,
          serial_bayou_pond_c, serial_bayou_pond_d, serial_bayou_ford_a,
          solitary_fountain
D:2:      minmay_chambers_of_twos, layout_loops_ring, basic_altar,
          ebering_ecumenical_altar_sacrificial
D:3:      layout_basic
D:4:      layout_basic, mainiacjoe_overflow_catwalk
D:5:      layout_basic, elyvilon_altar_5, zin_academy, kennysheep_little_box,
          minmay_temple_entry_grid, hangedman_decor_opposing,
          minmay_fractal_squares_diagonal_5
D:6:      layout_basic, nemelex_dance_club_becter, tso_altar,
          nicolae_water_bricks, minmay_circle_x
D:7:      layout_basic, enter_bailey_2, ebering_ghost_disaster_area,
          uniq_joseph, uniq_pikel
D:8:      layout_basic, grunt_temple_overflow_magic_moments, old_standard_altar,
          minmay_lair_entry_grove
D:9:      layout_loops_cross, uniq_maurice
D:10:     layout_roguey, fedhas_altar_4, mainiacjoe_overflow_brackets,
          orc_0_dummy, minmay_fractal_squares_gapless_7, uniq_sonja, uniq_maggie
Temple:   nicolae_temple_ecumenical_triangle
Orc:1:    layout_diamond_mine, uniq_jorgrun, uniq_nergalle

Skill      XL: |  1  2  3  4  5  6  7  8  9 10 11 |
---------------+----------------------------------+-----
Axes           | 3 4 5 6 8 9 11 14 17 18 | 18.0
Fighting       | 10 15 | 15.1
Armour         | |  3.2
Shields        | |  3.2

Action                   |  1- 3 |  4- 6 |  7- 9 | 10-12 || total
-------------------------+-------+-------+-------+-------++-------
Melee: War axe           |   133 |   134 |   237 |   282 ||   786
Throw: Throwing net      |       |       |       |     3 ||     3
  Use: Scroll            |       |       |    12 |       ||    12
       Potion            |       |       |     1 |     1 ||     2
 Stab: Distracted        |       |       |     1 |     3 ||     4
       Held in net/web   |       |       |       |     3 ||     3
       Sleeping          |       |       |       |     3 ||     3
Armor: Scale mail        |    70 |    50 |    99 |     8 ||   227
       Quicksilver drago |       |       |       |    53 ||    53
Dodge: Dodged            |    65 |    60 |    67 |    75 ||   267
Block: Buckler           |    29 |    22 |    43 |    45 ||   139

Table legend: (Time is in decaauts)
 A = Elapsed time spent in this place.
 B = Non-inter-level travel time spent in this place.
 C = Inter-level travel time spent in this place.
 D = Time resting spent in this place.
 E = Time spent auto-exploring this place.
 F = Levels seen in this place.
 G = Mean time per level.
                   A        B        C        D        E       F      G
               +--------+--------+--------+--------+--------+-----+--------+
         Total |  11898 |  11637 |    261 |     42 |   9666 |  13 |  915.2 |
       Dungeon |  11359 |  11098 |    261 |      0 |   9408 |  10 | 1135.9 |
        Temple |     10 |     10 |      0 |      0 |      0 |   1 |   10.0 |
  Orcish Mines |     17 |     17 |      0 |      0 |      0 |   1 |   17.0 |
        Bailey |    510 |    510 |      0 |     42 |    258 |   1 |  510.0 |
               +--------+--------+--------+--------+--------+-----+--------+

Top non-repeatable levels by time:
     D:5: 1873 daAuts
     D:8: 1775 daAuts
    D:10: 1253 daAuts
     D:2: 1082 daAuts
     D:1: 1009 daAuts
     D:3: 992 daAuts
     D:4: 950 daAuts
     D:7: 827 daAuts
     D:6: 821 daAuts
     D:9: 774 daAuts
  Bailey: 510 daAuts
   Orc:1: 17 daAuts
  Temple: 10 daAuts
